 Dungeon Crawl Stone Soup version 0.29.1-1-gd02db6906a (webtiles) character file.

Game seed: 16696585117611126279

42 lonewolfV2 the Trooper (level 3, 0/29 HPs)
             Began as a Human Berserker on Oct 17, 2022.
             Was a Believer of Trog.
             Slain by an endoplasm (1 damage)
             ... on level 2 of the Dungeon.
             The game lasted 00:01:45 (1484 turns).

lonewolfV2 the Trooper (Human Berserker)            Turns: 1484, Time: 00:01:47

Health: 0/29       AC:  2    Str: 19    XL:     3   Next: 77%
Magic:  3/3        EV: 12    Int:  7    God:    Trog [**....]
Gold:   39         SH:  0    Dex: 12    Spells: 2/2 levels left

rFire   . . .      SeeInvis .   a - +0 hand axe
rCold   . . .      Faith    .   (no shield)
rNeg    . . .      Spirit   .   b - +0 animal skin
rPois   .          Reflect  .   (no helmet)
rElec   .          Harm     .   (no cloak)
rCorr   .          Rampage  .   (no gloves)
Will    .....                   (no boots)
Stlth   +.........              (no amulet)
HPRegen 0.09/turn               (no ring)
MPRegen 0.08/turn               (no ring)

@: no status effects
A: no striking features
a: Renounce Religion, Berserk, Trog's Hand


You were on level 2 of the Dungeon.
You worshipped Trog.
Trog was pleased with you.
You visited 1 branch of the dungeon, and saw 2 of its levels.

You collected 39 gold pieces.

Inventory:

Hand Weapons
 a - a +0 hand axe (weapon)
Armour
 b - a +0 animal skin (worn)
Jewellery
 d - a ring of see invisible
Scrolls
 c - a scroll of teleportation {unknown}
 e - 2 scrolls of enchant armour {unknown}
 f - a scroll of magic mapping {unknown}
 g - 2 scrolls of identify {unknown}
 j - 2 scrolls of noise {unknown}
Potions
 i - a potion of resistance {unknown}
 k - a potion of cancellation {unknown}


   Skills:
 + Level 3.4 Fighting
 + Level 3.3 Axes
 + Level 2.5 Armour
 + Level 2.5 Dodging


You had 2 spell levels left.
You didn't know any spells.
Your spell library was empty.

Dungeon Overview and Level Annotations

Branches:
Dungeon (2/15)

Altars:

Shops:
D:1 [


Message History

You miss the quokka. You miss the frilled lizard.
You feel sick. The quokka bites you. The frilled lizard bites you.
The adder barely misses you.
You closely miss the adder.
The adder is severely wounded.
You hit the quokka.
You kill the quokka!
Trog accepts your kill.
You can now call upon Trog for regeneration and willpower.
You hit the frilled lizard.
You kill the frilled lizard!
Trog accepts your kill.
You feel sick. The adder misses you. The adder closely misses you.
The ball python bites you. The ball python barely misses you.
You closely miss the adder.
The adder is severely wounded.
You closely miss the ball python.
You feel sick. The adder bites you.
* * * LOW HITPOINT WARNING * * *
The ball python closely misses you. The ball python completely misses you.
You hit the adder.
You kill the adder!
Trog accepts your kill.
You hit the ball python.
You feel sick.
You are no longer poisoned.
The ball python closely misses you. The ball python barely misses you.
Unknown command.
Unknown command.
You hit the ball python.
You kill the ball python!
Trog accepts your kill.
You hit the endoplasm.
The endoplasm is moderately wounded.
The endoplasm hits you but does no damage.
You hit the endoplasm but do no damage.
The endoplasm is moderately wounded.
The endoplasm freezes you.
You are frozen.
* * * LOW HITPOINT WARNING * * *
The endoplasm hits you.
You die...

.. ..# #. #### #. ## #.#
.... ..# #. ( ..##.#.#
#.# #. #
#.#........##.###.
#.##.#..#.#.#........
..#...#.#.####.##..
#..#.##)#.......# #.#...
.....lJ@........###)##..
#.#..####...........###.
# #.#.###.##### #. #.#.#
#.# #. #.#.###.# ##+
#...)...# ##.. ###)#####
##... ###.#.## ##....
.#>#####......####.....


You could see an endoplasm and a frilled lizard.

Vanquished Creatures
  An adder (D:2)
  4 ball pythons
  2 bats (D:1)
  6 endoplasms
  2 goblins (D:1)
  3 hobgoblins
  5 kobolds
  A quokka (D:2)
  A frilled lizard (D:2)
  3 rats
28 creatures vanquished.

Notes
Turn   | Place    | Note
-------+----------+-------------------------------------------
     0 | D:1      | lonewolfV2 the Human Berserker began the quest for the Orb.
     0 | D:1      | Reached XP level 1. HP: 18/18 MP: 1/1
   253 | D:1      | Reached XP level 2. HP: 24/24 MP: 2/2
   253 | D:1      | Found Caweset's Antique Armour Emporium.
   915 | D:1      | Reached XP level 3. HP: 24/29 MP: 3/3
  1479 | D:2      | Reached ** piety under Trog
  1484 | D:2      | HP: 1/29 [frozen (4)]
  1484 | D:2      | Slain by an endoplasm

Illustrated notes

Levels and vault maps discovered:
D:1:      sevenhm_arrival_forest_fort_small_4, layout_loops_ring, serial_shops,
          nicolae_shop_waterfront
D:2:      layout_loops_corners, amethyst_killhole, minmay_small_reverse_x

Action                   || total
-------------------------++-------
Melee: Hand axe          ||    73
  Use: Potion            ||     1
Armor: Animal skin       ||    16
Dodge: Dodged            ||    59
